 Dungeon Crawl Stone Soup version 0.29-a0-982-gaed3a0c8d8 (webtiles) character file.

Game seed: 16138735679766259544

47 Newt the Insei (level 3, -2/23 HPs)
             Began as an Octopode Transmuter on Aug 1, 2022.
             Was a Follower of Fedhas.
             Slain by a water moccasin (9 damage)
             ... on level 3 of the Dungeon.
             The game lasted 00:03:32 (2115 turns).

Newt the Insei (Octopode Transmuter)                Turns: 2115, Time: 00:03:33

Health: -2/23      AC:  1    Str: 11    XL:     3   Next: 70%
Magic:  5/6        EV: 13    Int: 15    God:    Fedhas [*.....]
Gold:   96         SH:  0    Dex: 12    Spells: 3/6 levels left

rFire   + . .      SeeInvis .   j - staff of fire
rCold   . . .      Faith    .   (no shield)
rNeg    . . .      Spirit   .   (helmet currently unavailable)
rPois   .          Reflect  .   (no amulet)
rElec   .          Harm     .   (no ring)
rCorr   .          Rampage  .   (no ring)
Will    .....                   (no ring)
Stlth   +++.......              (no ring)
HPRegen 0.07/turn               (no ring)
MPRegen 0.10/turn               (no ring)
                                (no ring)
                                (no ring)

@: appendages (expiring)
A: tentacle spike 3, almost no armour, amphibious, 8 rings, camouflage 1,
gelatinous body 1, (nimble swimmer 1), tentacles
a: End Transformation, Renounce Religion


You were on level 3 of the Dungeon.
You worshipped Fedhas.
Fedhas was aware of your devotion.
One of your tentacles had grown a beastly spike.
You visited 1 branch of the dungeon, and saw 3 of its levels.

You collected 96 gold pieces.

Inventory:

Missiles
 e - 3 datura-tipped darts
Magical Staves
 j - a staff of fire (weapon)
Wands
 i - a wand of roots (3)
Scrolls
 c - a scroll of noise {unknown}
 f - a scroll of vulnerability {unknown}
 g - a scroll of amnesia {unknown}
Potions
 a - a potion of lignification
 b - 3 potions of curing
 d - a potion of attraction
 h - a potion of degeneration {unknown}


   Skills:
 + Level 1.0 Fighting
 * Level 0.2 Staves
 + Level 2.2 Dodging
 + Level 1.1 Stealth
 + Level 3.8 Unarmed Combat
 + Level 2.1 Spellcasting
 + Level 2.3 Transmutations
 * Level 0.2 Fire Magic
 * Level 0.2 Evocations


You had 3 spell levels left.
You knew the following spells:

 Your Spells              Type           Power      Damage    Failure   Level
a - Beastly Appendage     Tmut           16%        N/A       9%          1
b - Wereblood             Tmut           8%         N/A       13%         2

Your spell library contained the following spells:

 Spells                   Type           Power      Damage    Failure   Level
 Sublimation of Blood     Necr           1%         N/A       32%         2
 Spider Form              Tmut/Pois      5%         N/A       38%         3
 Dazzling Flash           Conj/Hex       2%         N/A       54%         3
 Petrify                  Tmut/Erth      5%         N/A       78%         4
 Ice Form                 Ice/Tmut       5%         N/A       80%         4
 Anguish                  Hex/Necr       0%         N/A       91%         4
 Irradiate                Conj/Tmut      2%         3d12      98%         5
 Agony                    Necr           1%         N/A       99%         5
 Silence                  Hex/Air        0%         N/A       99%         5
 Enfeeble                 Hex            0%         N/A       100%        7


Dungeon Overview and Level Annotations

Branches:
Dungeon (3/15)

Altars:
Fedhas


Innate Abilities, Weirdness & Mutations

One of your tentacles has grown a beastly spike.
You cannot wear most types of armour.
You are amphibious.
You can wear up to eight rings at the same time.
Your skin changes colour to match your surroundings (Stealth+).
Your rubbery body absorbs attacks. (AC +1, EV +1)
((You are camouflaged when in or above water. (Stealth+)))
You have tentacles for arms and can constrict up to eight enemies at once.


Message History

The dart slug is heavily wounded.
The dart slug closely misses you.
You hit the dart slug but do no damage. You grab the dart slug.
The dart slug is heavily wounded.
You constrict the dart slug. The dart slug bites you.
You hit the dart slug.
You kill the dart slug!
Fedhas appreciates your contribution to the ecosystem.
You open the door.
There is an open door here.
A frilled lizard comes into view.
A frilled lizard is nearby!
A water moccasin and a kobold come into view.
The water moccasin hisses angrily.
You closely miss the frilled lizard. You grab the frilled lizard.
You constrict the frilled lizard. The frilled lizard misses you.
The frilled lizard bites you.
You closely miss the frilled lizard.
The frilled lizard is heavily wounded.
You constrict the frilled lizard.
You kill the frilled lizard!
Fedhas appreciates your contribution to the ecosystem.
The kobold hits you with a +0 club.
Casting: Beastly Appendage (safe; 9% risk of failure)
Confirm with . or Enter, or press ? or * to list all spells.
One of your tentacles grows a vicious spike.
The water moccasin barely misses you. The kobold barely misses you.
The water moccasin misses you.
You completely miss the water moccasin. Your grab misses the water moccasin.
You pierce the water moccasin.
You squeeze the water moccasin.
The water moccasin is moderately wounded.
The water moccasin barely misses you. The kobold hits you with a +0 club.
You barely miss the water moccasin. Your grab misses the water moccasin.
Your tentacle spike misses the water moccasin.
Your squeeze misses the water moccasin.
The water moccasin is moderately wounded.
The water moccasin bites you! The kobold hits you but does no damage.
The water moccasin bites you!
You die...
Fedhas appreciates your contribution to the ecosystem.

#.# #..........# #.#
#..........# ####.#
#...........
####....##########.#####
........................
......=.................
####....##########.#####
+....####### #.#
#...@K.....####.##
#...S......##....#
#..........+.....####
#####......##........
......##........
......##....####
......##..).....
.#######....####
######....#


You could see a water moccasin and a kobold.

Vanquished Creatures
  2 worms (D:2)
  3 dart slugs
  4 endoplasms
  3 giant cockroaches
  3 goblins
  2 hobgoblins (D:2)
  2 quokkas
  A ball python (D:1)
  2 bats
  A frilled lizard (D:3)
  5 kobolds
  7 rats
35 creatures vanquished.

Notes
Turn   | Place    | Note
-------+----------+-------------------------------------------
     0 | D:1      | Newt the Octopode Transmuter began the quest for the Orb.
     0 | D:1      | Reached XP level 1. HP: 13/13 MP: 3/3
   189 | D:1      | Reached XP level 2. HP: 15/18 MP: 5/5
   726 | D:1      | Found a faded altar of an unknown god.
   729 | D:1      | Prayed at the altar of an unknown god.
   729 | D:1      | Became a worshipper of Fedhas Madash
   729 | D:1      | Reached * piety under Fedhas
  1165 | D:2      | Reached XP level 3. HP: 15/23 MP: 4/6
  1329 | D:2      | Learned a level 2 spell: Wereblood
  1419 | D:2      | Reached skill level 1 in Stealth
  1897 | D:3      | Gained mutation: You expend magic power (3 MP) to
                  | strengthen your wands. [potion of mutation]
  1897 | D:3      | Lost mutation: You expend magic power (3 MP) to strengthen
                  | your wands. [potion of mutation]
  2109 | D:3      | Noticed a water moccasin
  2115 | D:3      | Slain by a water moccasin

Illustrated notes

Levels and vault maps discovered:
D:1:      dpeg_arrival_stone_temple_mockup, layout_basic,
          hellmonk_ecumenical_altar_inner_sanctum
D:2:      layout_loops_ring
D:3:      layout_basic, mrwooster_statue_mirror, minmay_misc_feat_rugged,
          uniq_robin

Skill      XL: |  1  2  3 |
---------------+----------+-----
Stealth        | 1 |  1.1
Fighting       | |  1.0
Staves         | |  0.2
Dodging        | |  2.2
Unarmed Combat | |  3.8
Spellcasting   | |  2.1
Transmutations | |  2.3
Fire Magic     | |  0.2
Evocations     | |  0.2

Action                   || total
-------------------------++-------
Melee: Unarmed           ||    66
       Constrict         ||    17
       Tentacles         ||    14
       Kick              ||     9
       Staff             ||    12
       Punch             ||     1
 Cast: Beastly Appendage ||     7
  Use: Scroll            ||     3
       Potion            ||     1
 Stab: Sleeping          ||     7
Armor: Skin              ||     5
Dodge: Dodged            ||    44

Table legend: (Time is in decaauts)
 A = Elapsed time spent in this place.
 B = Non-inter-level travel time spent in this place.
 C = Inter-level travel time spent in this place.
 D = Time resting spent in this place.
 E = Time spent auto-exploring this place.
 F = Levels seen in this place.
 G = Mean time per level.
                   A        B        C        D        E       F      G
               +--------+--------+--------+--------+--------+-----+--------+
         Total |   2112 |   2035 |     77 |      0 |   1769 |   3 |  704.0 |
       Dungeon |   2112 |   2035 |     77 |      0 |   1769 |   3 |  704.0 |
               +--------+--------+--------+--------+--------+-----+--------+

Top non-repeatable levels by time:
     D:2: 1137 daAuts
     D:1: 746 daAuts
     D:3: 228 daAuts
